AoeStats
← CroCkeR

Nomad

508026308Analyzed
4v4 RM · 12d ago on Sep 20, 2026· 37m 44s· 8 players
Game mode
Random Map
Map size
231×231
Population
200
Speed
Normal
Resources
Standard
Victory
Conquest
Starting age
Dark Age
Ending age
Imperial Age
RankedLock teamsTeams togetherTeam positionsShared explorationLock speedFull tech treeHidden civsTurbo modeCheats
Victory
Defeat
🇬🇷 Spanish · Greece
1375
+16
🇨🇳 Vietnamese · China
1369
+16
🇨🇱 Georgians · Chile
1356
+16
🇺🇸 Magyars · United States
1313
+17
🇩🇪 Tatars · Germany
1383
-17
🇩🇪 Malians · Germany
1381
-17
🇩🇪 Jurchens · Germany
1379
-17
🇨🇭 Saracens · Switzerland
1305
-14
Hamstring Cramp
7:29 Loom
15:11 Feudal Age
15:50 Double-Bit Axe
17:24 Fletching
21:21 Castle Age
19:27 Horse Collar
20:56 Wheelbarrow
22:23 Bodkin Arrow
22:42 Bow Saw
30:34 Town Watch
36:18 Imperial Age
34:53 Ballistics
34:56 Padded Archer Armor
35:33 Thumb Ring
36:14 Leather Archer Armor
36:06 Husbandry
37:37 Bracer
38:08 Ring Archer Armor
38:29 Parthian Tactics
38:33 Bloodlines
勇敢牛牛
5:51 Loom
13:29 Feudal Age
17:11 Castle Age
20:01 Fletching
21:07 Padded Archer Armor
29:42 Double-Bit Axe
33:26 Bow Saw
40:48 Imperial Age
[L_Clan]~Connotado~
5:24 Loom
12:42 Feudal Age
19:11 Castle Age
18:00 Fletching
18:00 Double-Bit Axe
20:42 Bodkin Arrow
20:44 Horse Collar
25:17 Bow Saw
28:17 Scale Barding Armor
28:25 Forging
32:31 Gold Mining
33:34 Wheelbarrow
33:38 Chain Barding Armor
mojotzotzo
4:29 Loom
15:14 Feudal Age
18:52 Castle Age
17:55 Double-Bit Axe
19:55 Horse Collar
21:13 Bow Saw
33:42 Imperial Age
32:04 Padded Archer Armor
32:15 Fletching
34:16 Leather Archer Armor
34:44 Bloodlines
34:47 Gold Mining
37:22 Ring Archer Armor
36:59 Husbandry
37:52 Conscription
Pancho
13:21 Feudal Age
14:46 Double-Bit Axe
17:12 Castle Age
15:25 Double-Bit Axe
15:32 Horse Collar
20:50 Loom
26:08 Husbandry
27:03 Scale Barding Armor
27:55 Fletching
29:21 Bloodlines
29:50 Forging
30:58 Heavy Plow
31:10 Bow Saw
30:51 Gold Mining
31:36 Chain Barding Armor
32:49 Iron Casting
33:12 Gold Shaft Mining
35:57 Imperial Age
34:03 Wheelbarrow
33:13 Town Watch
37:11 Padded Archer Armor
37:06 Bodkin Arrow
bewoms
4:19 Loom
13:06 Feudal Age
16:47 Fletching
20:55 Castle Age
28:21 Gold Mining
28:25 Stone Mining
28:23 Double-Bit Axe
29:35 Medium Warships
Bummskopp7689
3:05 Loom
3:12 Loom
13:37 Feudal Age
18:01 Castle Age
18:15 Forging
21:08 Iron Casting
21:17 Double-Bit Axe
22:44 Medium Warships
23:31 Bow Saw
28:34 Horse Collar
36:33 Imperial Age
36:01 Fletching
36:11 Padded Archer Armor
CroCkeR
4:37 Loom
13:39 Feudal Age
18:03 Castle Age
17:38 Double-Bit Axe
18:31 Fletching
18:59 Horse Collar
36:55 Imperial Age
Connection lost

Rejoining the realm…

Still unreachable

The connection could not be restored.

Session expired

The server has moved on; the page needs a fresh start.